 Dungeon Crawl Stone Soup version 0.18.1-48-g4cf74bf (webtiles) character file.

217 Alarkh the Bolt Thrower (level 5, -3/38 HPs)
             Began as a Mummy Hunter on Sept 10, 2016.
             Slain by a worker ant (6 damage)
             ... on level 4 of the Dungeon.
             The game lasted 00:03:10 (2586 turns).

Alarkh the Bolt Thrower (Mummy Hunter)              Turns: 2586, Time: 00:03:10

Health: -3/38      AC:  6    Str: 15    XL:     5   Next: 61%
Magic:  5/5        EV: 11    Int: 12    God:
Gold:   112        SH:  0    Dex:  9    Spells: 0 memorised, 4 levels left

rFire  x . .     SeeInvis +     b - +0 short sword
rCold  + . .     Gourm    .     c - +0 leather armour
rNeg   + + +     Faith    .     (no shield)
rPois  ∞         Spirit   .     (no helmet)
rElec  .         Dismiss  .     n - +2 cloak
rCorr  .         Reflect  .     (no gloves)
SustAt .         Harm     .     (no boots)
MR     .....                    (no amulet)
Stlth  +.........               m - ring of see invisible
                                g - -3 ring of dexterity (curse)

@: not resistant to hostile enchantments, very unstealthy
A: no food or potions, fire vulnerability, cold resistance 1, negative energy
resistance 3, torment resistance, unbreathing
a: no special abilities


You were on level 4 of the Dungeon.
You were not hungry.

You visited 1 branch of the dungeon, and saw 4 of its levels.

You collected 112 gold pieces.

Inventory:

Hand Weapons
 a - a +1 hand crossbow
 b - a +0 short sword (weapon)
Armour
 c - a +0 leather armour (worn)
 n - a +2 cloak (worn)
Jewellery
 g - a cursed -3 ring of dexterity (left hand)
 m - a ring of see invisible (right hand)
Wands
 i - a wand of teleportation (3/9)
Scrolls
 e - a scroll of identify
 f - 2 scrolls of recharging
 h - a scroll of fear
 j - a scroll of enchant armour
 k - a scroll of blinking
 l - a scroll of remove curse {unknown}


   Skills:
 - Level 2.0 Fighting
 + Level 5.8 Crossbows
 - Level 1.5 Dodging
 - Level 0.7 Stealth


You had 4 spell levels left.
You didn't know any spells.

Dungeon Overview and Level Annotations

Branches:
Dungeon (4/15)
 Temple: D:4-7

Altars:

Shops:
D:4 !

Annotations:
D:3 Nukog's ghost, amateur MfFi


Innate Abilities, Weirdness & Mutations

You do not eat or drink.
Your flesh is vulnerable to fire.
You are immune to poison.
Your flesh is cold resistant.
You are immune to negative energy.
You are immune to unholy pain and torment.
You can survive without breathing.


Message History

The worker ant bites you.
You are too injured to fight recklessly!
You are too injured to fight recklessly!
You hit the worker ant but do no damage.
The worker ant is severely wounded.
The worker ant bites you.
You barely miss the worker ant.
The worker ant is severely wounded.
The worker ant bites you.
* * * LOW HITPOINT WARNING * * *
The worker ant bites you.
* * * LOW HITPOINT WARNING * * *
You barely miss the worker ant.
The worker ant is severely wounded.
The worker ant bites you.
* * * LOW HITPOINT WARNING * * *
You hit the worker ant but do no damage.
The worker ant is severely wounded.
The worker ant bites you.
You die...

...........######......##
................#......#
................########
########'###.........(..
.......'...#............
.......#...+............
.......#...#............
.......#...#.....a(.((..
.......#...#....@########
.......#...#.....#.......
.......#.........#.......
.....###....#####........
.....###....# #.......#
..<..#......# #########
.....#......#
.....#......#
.....########


You could see a worker ant.

Vanquished Creatures
  An ogre (D:4)
  An orc wizard (D:3)
  2 worker ants (D:4)
  A worm (D:3)
  2 giant geckos (D:1)
  3 orcs
  12 bats
  3 giant cockroaches (D:1)
  5 goblins
  8 hobgoblins
  5 kobolds
  2 quokkas
  A ball python (D:1)
  6 giant newts (D:1)
  2 rats
54 creatures vanquished.

Notes
Turn   | Place    | Note
--------------------------------------------------------------
     0 | D:1      | Alarkh the Mummy Hunter began the quest for the Orb.
     0 | D:1      | Reached XP level 1. HP: 16/16 MP: 1/1
    85 | D:1      | Reached XP level 2. HP: 22/22 MP: 2/2
   309 | D:1      | Reached skill level 4 in Crossbows
   463 | D:1      | Reached XP level 3. HP: 25/27 MP: 3/3
  1697 | D:3      | Reached XP level 4. HP: 5/33 MP: 4/4
  1937 | D:3      | Noticed Nukog's ghost (amateur MfFi)
  1968 | D:4      | Found Wiog's Distillery.
  2004 | D:4      | HP: 1/33 [worker ant (3)]
  2007 | D:4      | Reached skill level 5 in Crossbows
  2377 | D:4      | Noticed an ogre
  2395 | D:4      | Killed an ogre
  2395 | D:4      | Reached XP level 5. HP: 31/38 MP: 5/5
  2586 | D:4      | Slain by a worker ant

Skill      XL: |  1  2  3  4 |
---------------+-------------+-----
Crossbows      | 4 5 |  5.8
Fighting       | |  2.0
Dodging        | |  1.5
Stealth        | |  0.7

Action                   |  1- 3 |  4- 6 || total
-------------------------+-------+-------++-------
Melee: Short sword       |     3 |    22 ||    25
 Fire: Hand crossbow     |    94 |    25 ||   119
  Use: Scroll            |     1 |     4 ||     5
Armor: Leather armour    |     8 |     1 ||     9
Dodge: Dodged            |    18 |    17 ||    35
